[ AOE2 MATCH · #478213664 ]
UnrankedJapanese vs Magyars
[ REPLAY ANALYSIS · EXTRACTED FROM THE RECORDED GAME ]
Feudal
14:29
Castle
18:54
Imperial
49:11
| APM avg | 39.3 |
| APM peak | 67 |
| eAPM avg | 24.2 |
| Villagers / military | 168 / 98 |
Focus
⚔️ 32.5% · 🌾 67.5%
Cavalry Archer ×73 · Samurai ×13 · Trebuchet (Packed) ×8 · Battering Ram ×4
Feudal
12:48
Castle
18:25
Imperial
—
| APM avg | 9.4 |
| APM peak | 71 |
| eAPM avg | 4.1 |
| Villagers / military | 44 / 0 |
Focus
⚔️ 23.1% · 🌾 76.9%
Feudal
13:40
Castle
30:36
Imperial
54:58
| APM avg | 34.5 |
| APM peak | 60 |
| eAPM avg | 21.1 |
| Villagers / military | 138 / 73 |
Focus
⚔️ 24.3% · 🌾 75.7%
Spearman ×35 · Knight ×28 · Scorpion ×8 · Militia ×2
Feudal
13:24
Castle
23:45
Imperial
—
| APM avg | 46.5 |
| APM peak | 86 |
| eAPM avg | 29.7 |
| Villagers / military | 264 / 116 |
Focus
⚔️ 17.3% · 🌾 82.7%
Unknown (1908) ×107 · Steppe Lancer ×99 · Scout Cavalry ×17
Feudal
13:02
Castle
16:44
Imperial
34:25
| APM avg | 38.6 |
| APM peak | 64 |
| eAPM avg | 22.2 |
| Villagers / military | 127 / 274 |
Focus
⚔️ 40.7% · 🌾 59.3%
Knight ×196 · Cavalry Archer ×36 · Scout Cavalry ×34 · Trebuchet (Packed) ×7 · Chu Ko Nu ×1
Feudal
14:57
Castle
19:49
Imperial
—
| APM avg | 48.9 |
| APM peak | 87 |
| eAPM avg | 27.8 |
| Villagers / military | 116 / 104 |
Focus
⚔️ 32.8% · 🌾 67.2%
Conquistador ×99 · Mangonel ×4 · Scorpion ×1
Feudal
12:18
Castle
—
Imperial
—
| APM avg | 28.7 |
| APM peak | 299 |
| eAPM avg | 12.9 |
| Villagers / military | 44 / 18 |
Focus
⚔️ 15.2% · 🌾 84.8%
Scout Cavalry ×16 · Spearman ×2
Feudal
12:49
Castle
19:15
Imperial
36:24
| APM avg | 36.3 |
| APM peak | 69 |
| eAPM avg | 16.2 |
| Villagers / military | 130 / 91 |
Focus
⚔️ 27.8% · 🌾 72.2%
Archer ×83 · Mangonel ×4 · Spearman ×2 · Trebuchet (Packed) ×2
Match map
Initial resources + every placement click. Lines = walls · curves = elevation contours. ◆ gold · ⬟ stone · ● berries · ✦ relic · ◌ wall gap
Your base· Open — unwalled flank
中家不出兵直接点's base· Open — 12t gap
anadoludr's base· Open — 8t gap
Ulu_get's base· Open — unwalled flank
Citlali's base· Open — 8t gap
edge2147's base· Open — unwalled flank
梅子青转紫's base· Open — unwalled flank
arthur's base· Open — 3t gap
Smoothed initial terrain · ◌ = detected wall gap · hover for details
Inputs per minute
— Bakamaka - - 中家不出兵直接点
Build order — Bakamaka
First 150 of 481 actions detected
| 1:12 | Build | Town Center |
| 1:28 | Build | Lumber Camp |
| 1:33 | Build | Lumber Camp |
| 1:52 | Build | House |
| 3:33 | Create | Villager (Male) |
| 3:34 | Create | Villager (Male) |
| 3:34 | Create | Villager (Male) |
| 3:34 | Create | Villager (Male) |
| 4:22 | Build | House |
| 4:34 | Build | House |
| 4:47 | Build | House |
| 5:03 | Create | Villager (Male) |
| 5:20 | Build | House |
| 5:21 | Create | Villager (Male) |
| 5:45 | Build | House |
| 5:50 | Build | House |
| 6:04 | Create | Villager (Male) |
| 6:12 | Create | Villager (Male) |
| 6:36 | Create | Villager (Male) |
| 6:41 | Create | Villager (Male) |
| 7:02 | Create | Villager (Male) |
| 7:30 | Create | Villager (Male) |
| 7:53 | Build | House |
| 7:55 | Create | Villager (Male) |
| 7:59 | Create | Villager (Male) |
| 8:23 | Create | Villager (Male) |
| 8:44 | Build | House |
| 8:51 | Create | Villager (Male) |
| 8:54 | Build | House |
| 9:02 | Create | Villager (Male) |
| 9:27 | Build | House |
| 9:34 | Build | Mill |
| 9:35 | Create | Villager (Male) |
| 9:39 | Build | House |
| 9:45 | Build | House |
| 9:47 | Create | Villager (Male) |
| 9:50 | Create | Villager (Male) |
| 10:11 | Create | Villager (Male) |
| 11:11 | Build | Mining Camp |
| 11:15 | Research | Loom |
| 11:18 | Research | Feudal Age |
| 11:29 | Build | Mining Camp |
| 11:31 | Build | Lumber Camp |
| 13:21 | Build | Barracks |
| 13:24 | Build | Palisade Wall |
| 13:25 | Build | Palisade Wall |
| 13:35 | Build | Palisade Wall |
| 13:49 | Build | House |
| 14:17 | Create | Villager (Male) |
| 14:29 | Age | Feudal Age |
| 14:31 | Build | Palisade Wall |
| 14:45 | Build | Archery Range |
| 14:56 | Create | Villager (Male) |
| 14:59 | Build | Palisade Wall |
| 15:00 | Build | Palisade Wall |
| 15:01 | Build | Palisade Wall |
| 15:02 | Create | Villager (Male) |
| 15:04 | Build | Palisade Wall |
| 15:11 | Build | Palisade Wall |
| 15:26 | Research | Town Watch |
| 15:38 | Build | Blacksmith |
| 16:14 | Research | Castle Age |
| 16:14 | Research | Castle Age |
| 16:18 | Build | House |
| 16:19 | Build | House |
| 16:21 | Build | House |
| 17:03 | Build | Archery Range |
| 17:13 | Build | Palisade Wall |
| 17:17 | Research | Double-Bit Axe |
| 17:18 | Research | Gold Mining |
| 17:20 | Research | Fletching |
| 17:20 | Research | Fletching |
| 17:30 | Build | Outpost |
| 17:38 | Build | Outpost |
| 17:47 | Build | Palisade Wall |
| 17:54 | Research | Padded Archer Armor |
| 18:07 | Build | Stable |
| 18:43 | Build | Outpost |
| 18:54 | Age | Castle Age |
| 18:57 | Create | Cavalry Archer |
| 18:57 | Create | Cavalry Archer |
| 19:02 | Create | Villager (Male) |
| 19:16 | Create | Cavalry Archer |
| 19:16 | Create | Cavalry Archer |
| 19:25 | Create | Villager (Male) |
| 19:40 | Create | Cavalry Archer |
| 19:40 | Create | Cavalry Archer |
| 19:42 | Create | Villager (Male) |
| 19:53 | Build | Mill |
| 19:56 | Create | Cavalry Archer |
| 20:01 | Create | Cavalry Archer |
| 20:26 | Research | Husbandry |
| 20:35 | Build | Farm |
| 20:35 | Build | Farm |
| 20:36 | Build | Farm |
| 20:38 | Build | Farm |
| 20:41 | Create | Cavalry Archer |
| 20:46 | Build | House |
| 20:53 | Create | Cavalry Archer |
| 20:53 | Create | Cavalry Archer |
| 20:55 | Create | Villager (Male) |
| 21:06 | Create | Cavalry Archer |
| 21:39 | Create | Cavalry Archer |
| 21:41 | Create | Villager (Male) |
| 21:41 | Create | Villager (Male) |
| 22:06 | Create | Villager (Male) |
| 22:13 | Build | Town Center |
| 22:14 | Create | Villager (Male) |
| 22:20 | Create | Villager (Male) |
| 22:32 | Create | Villager (Male) |
| 22:40 | Create | Cavalry Archer |
| 22:40 | Create | Cavalry Archer |
| 22:46 | Create | Villager (Male) |
| 22:50 | Build | House |
| 22:53 | Build | House |
| 23:07 | Create | Villager (Male) |
| 23:19 | Create | Villager (Male) |
| 23:22 | Create | Villager (Male) |
| 23:32 | Build | Town Center |
| 23:44 | Create | Villager (Male) |
| 24:04 | Create | Villager (Male) |
| 24:36 | Create | Villager (Male) |
| 24:38 | Create | Cavalry Archer |
| 24:39 | Create | Cavalry Archer |
| 25:15 | Create | Villager (Male) |
| 25:15 | Create | Villager (Male) |
| 25:51 | Build | Farm |
| 25:54 | Build | Farm |
| 26:01 | Create | Cavalry Archer |
| 26:01 | Create | Cavalry Archer |
| 26:38 | Create | Villager (Male) |
| 26:50 | Build | Farm |
| 26:51 | Build | Farm |
| 26:52 | Build | Farm |
| 26:53 | Build | Farm |
| 26:53 | Build | Farm |
| 26:54 | Build | Lumber Camp |
| 27:12 | Create | Villager (Male) |
| 27:24 | Build | University |
| 27:36 | Create | Cavalry Archer |
| 27:36 | Create | Cavalry Archer |
| 27:38 | Create | Cavalry Archer |
| 27:56 | Create | Villager (Male) |
| 28:10 | Build | Farm |
| 28:11 | Build | Farm |
| 28:20 | Create | Villager (Male) |
| 28:21 | Create | Villager (Male) |
| 28:24 | Build | Farm |
| 28:25 | Build | Farm |
| 28:35 | Create | Cavalry Archer |
Build order — 中家不出兵直接点
73 actions detected in the replay
| 0:50 | Build | Town Center |
| 2:52 | Build | House |
| 2:53 | Build | House |
| 3:27 | Create | Villager (Male) |
| 3:27 | Create | Villager (Male) |
| 3:28 | Create | Villager (Male) |
| 3:28 | Create | Villager (Male) |
| 3:28 | Create | Villager (Male) |
| 4:56 | Create | Villager (Male) |
| 4:56 | Create | Villager (Male) |
| 5:30 | Create | Villager (Male) |
| 5:30 | Create | Villager (Male) |
| 5:30 | Create | Villager (Male) |
| 5:58 | Create | Villager (Male) |
| 5:58 | Create | Villager (Male) |
| 5:59 | Create | Villager (Male) |
| 6:57 | Create | Villager (Male) |
| 6:57 | Create | Villager (Male) |
| 7:08 | Build | Lumber Camp |
| 7:12 | Create | Villager (Male) |
| 7:12 | Create | Villager (Male) |
| 7:21 | Build | House |
| 7:27 | Build | House |
| 8:23 | Create | Villager (Male) |
| 8:23 | Create | Villager (Male) |
| 8:24 | Create | Villager (Male) |
| 8:24 | Create | Villager (Male) |
| 8:25 | Create | Villager (Male) |
| 8:25 | Create | Villager (Male) |
| 9:25 | Build | Mill |
| 10:13 | Build | House |
| 10:20 | Build | House |
| 10:28 | Build | Palisade Wall |
| 10:28 | Build | Palisade Wall |
| 10:38 | Research | Feudal Age |
| 10:47 | Build | Mining Camp |
| 11:04 | Build | House |
| 11:06 | Build | House |
| 11:54 | Build | Palisade Wall |
| 12:44 | Create | Villager (Male) |
| 12:44 | Create | Villager (Male) |
| 12:48 | Age | Feudal Age |
| 13:01 | Build | Market |
| 13:22 | Create | Villager (Male) |
| 13:49 | Build | Mining Camp |
| 14:03 | Create | Villager (Male) |
| 14:25 | Create | Villager (Male) |
| 14:46 | Create | Villager (Male) |
| 15:03 | Build | Blacksmith |
| 15:45 | Research | Castle Age |
| 15:46 | Research | Castle Age |
| 16:00 | Research | Double-Bit Axe |
| 17:56 | Create | Villager (Male) |
| 17:56 | Create | Villager (Male) |
| 18:25 | Age | Castle Age |
| 18:32 | Build | Castle |
| 18:42 | Research | Loom |
| 19:10 | Research | Fletching |
| 19:10 | Research | Fletching |
| 19:13 | Build | House |
| 19:54 | Create | Villager (Male) |
| 19:54 | Create | Villager (Male) |
| 19:54 | Create | Villager (Male) |
| 19:54 | Create | Villager (Male) |
| 19:55 | Create | Villager (Male) |
| 19:55 | Create | Villager (Male) |
| 20:39 | Create | Villager (Male) |
| 20:40 | Create | Villager (Male) |
| 20:40 | Create | Villager (Male) |
| 20:41 | Create | Villager (Male) |
| 20:41 | Create | Villager (Male) |
| 20:57 | Create | Villager (Male) |
| 20:58 | Create | Villager (Male) |
Build order — anadoludr
First 150 of 331 actions detected
| 0:42 | Build | Town Center |
| 2:38 | Build | House |
| 2:50 | Create | Villager (Male) ×4 |
| 3:36 | Build | House |
| 3:48 | Build | House |
| 4:02 | Build | House |
| 4:28 | Create | Villager (Male) |
| 4:47 | Build | House |
| 4:59 | Create | Villager (Male) |
| 5:22 | Create | Villager (Male) |
| 5:23 | Create | Villager (Male) |
| 5:31 | Build | Lumber Camp |
| 5:48 | Create | Villager (Male) |
| 6:04 | Create | Villager (Male) ×2 |
| 6:05 | Create | Villager (Male) ×2 |
| 6:24 | Build | House |
| 6:58 | Create | Villager (Male) ×2 |
| 7:34 | Create | Villager (Male) ×2 |
| 7:35 | Create | Villager (Male) ×2 |
| 8:13 | Create | Villager (Male) ×2 |
| 8:46 | Create | Villager (Male) |
| 8:52 | Build | Mining Camp |
| 9:00 | Build | House |
| 9:02 | Build | House |
| 9:03 | Build | Palisade Wall |
| 9:06 | Create | Villager (Male) ×2 |
| 9:28 | Research | Loom |
| 10:08 | Build | Mill |
| 10:22 | Create | Villager (Male) |
| 10:51 | Research | Loom |
| 11:30 | Research | Feudal Age |
| 11:30 | Research | Feudal Age |
| 11:40 | Build | Farm |
| 11:41 | Build | Farm |
| 11:41 | Build | Farm |
| 12:17 | Build | Barracks |
| 12:27 | Create | Villager (Male) |
| 12:28 | Create | Villager (Male) |
| 12:44 | Build | House |
| 13:15 | Create | Militia |
| 13:16 | Create | Militia |
| 13:40 | Age | Feudal Age |
| 13:46 | Build | Watch Tower |
| 14:08 | Create | Spearman |
| 14:23 | Create | Villager (Male) |
| 14:50 | Create | Villager (Male) |
| 15:00 | Build | Market |
| 15:13 | Create | Spearman |
| 15:14 | Create | Spearman |
| 15:41 | Build | Watch Tower |
| 16:16 | Create | Villager (Male) |
| 16:16 | Create | Villager (Male) |
| 16:30 | Build | Blacksmith |
| 17:32 | Research | Fletching |
| 18:04 | Create | Spearman |
| 18:06 | Research | Arson |
| 18:13 | Build | House |
| 18:14 | Create | Villager (Male) |
| 18:20 | Build | Farm |
| 18:21 | Build | Farm |
| 19:31 | Create | Spearman |
| 19:31 | Create | Spearman |
| 19:51 | Build | Watch Tower |
| 20:14 | Build | Watch Tower |
| 20:27 | Create | Villager (Male) |
| 20:31 | Build | Farm |
| 20:31 | Build | Farm |
| 20:32 | Build | Farm |
| 20:32 | Build | Farm |
| 20:32 | Build | Farm |
| 20:32 | Build | Farm |
| 20:58 | Create | Villager (Male) |
| 21:23 | Create | Spearman |
| 21:44 | Create | Villager (Male) |
| 22:25 | Create | Villager (Male) |
| 22:28 | Create | Villager (Male) |
| 22:34 | Build | Farm |
| 22:35 | Build | Farm |
| 22:36 | Build | Farm |
| 22:55 | Create | Villager (Male) |
| 23:05 | Build | House |
| 23:07 | Build | House |
| 23:09 | Build | House |
| 23:25 | Build | Watch Tower |
| 24:12 | Build | Farm |
| 24:13 | Create | Villager (Male) |
| 24:33 | Research | Horse Collar |
| 24:34 | Research | Double-Bit Axe |
| 24:51 | Create | Villager (Male) |
| 24:54 | Build | House |
| 24:55 | Build | House |
| 25:25 | Create | Villager (Male) |
| 25:30 | Build | Farm |
| 25:30 | Build | Farm |
| 25:30 | Build | Farm |
| 25:31 | Build | Farm |
| 25:31 | Build | Farm |
| 25:31 | Build | Farm |
| 25:31 | Build | Farm |
| 26:12 | Create | Villager (Male) |
| 27:06 | Create | Villager (Male) |
| 27:21 | Build | Mining Camp |
| 27:25 | Create | Villager (Male) |
| 27:51 | Research | Castle Age |
| 27:51 | Research | Castle Age |
| 28:36 | Research | Scale Barding Armor |
| 28:51 | Build | Farm |
| 28:52 | Build | Farm |
| 28:52 | Build | Farm |
| 28:52 | Build | Farm |
| 29:01 | Research | Gold Mining |
| 29:17 | Create | Villager (Male) |
| 29:55 | Build | Stable |
| 30:31 | Research | Wheelbarrow |
| 30:33 | Create | Villager (Male) |
| 30:36 | Age | Castle Age |
| 30:48 | Create | Knight |
| 30:48 | Create | Knight |
| 30:48 | Create | Knight |
| 30:52 | Research | Bloodlines |
| 31:19 | Create | Villager (Male) |
| 31:38 | Create | Knight |
| 31:38 | Create | Knight |
| 31:49 | Build | Town Center |
| 32:03 | Create | Villager (Male) |
| 32:14 | Create | Villager (Male) |
| 32:33 | Create | Knight |
| 32:45 | Build | Siege Workshop |
| 32:58 | Create | Knight |
| 32:58 | Create | Knight |
| 32:59 | Create | Villager (Male) |
| 33:15 | Build | Siege Workshop |
| 33:21 | Research | Chain Barding Armor |
| 33:40 | Create | Villager (Male) |
| 33:40 | Create | Villager (Male) |
| 34:14 | Create | Scorpion |
| 34:14 | Create | Scorpion |
| 34:20 | Create | Villager (Male) |
| 34:26 | Build | Town Center |
| 34:34 | Create | Villager (Male) |
| 35:04 | Create | Scorpion |
| 35:05 | Create | Villager (Male) |
| 35:13 | Create | Villager (Male) |
| 35:14 | Create | Villager (Male) |
| 35:14 | Create | Villager (Male) ×5 |
| 35:20 | Create | Scorpion |
| 35:40 | Create | Knight |
| 36:16 | Research | Hand Cart |
| 36:17 | Create | Villager (Male) |
| 36:26 | Create | Scorpion |
Build order — Ulu_get
First 150 of 665 actions detected
| 0:38 | Build | Town Center |
| 3:04 | Create | Villager (Male) |
| 3:04 | Create | Villager (Male) |
| 3:05 | Create | Villager (Male) |
| 3:05 | Create | Villager (Male) |
| 3:05 | Create | Villager (Male) |
| 4:17 | Build | House |
| 4:27 | Research | Loom |
| 4:28 | Create | Villager (Male) |
| 4:28 | Create | Villager (Male) |
| 4:28 | Create | Villager (Male) |
| 5:09 | Build | House |
| 5:21 | Build | House |
| 5:33 | Create | Villager (Male) |
| 5:34 | Create | Villager (Male) |
| 5:34 | Create | Villager (Male) |
| 6:01 | Build | Lumber Camp |
| 6:27 | Create | Villager (Male) |
| 6:27 | Create | Villager (Male) |
| 6:41 | Create | Villager (Male) |
| 6:41 | Create | Villager (Male) |
| 7:15 | Create | Villager (Male) |
| 7:16 | Create | Villager (Male) |
| 7:17 | Create | Villager (Male) |
| 7:18 | Create | Villager (Male) |
| 8:09 | Build | Mill |
| 8:12 | Create | Villager (Male) |
| 8:13 | Create | Villager (Male) |
| 8:13 | Create | Villager (Male) |
| 8:13 | Create | Villager (Male) |
| 8:31 | Build | House |
| 8:46 | Build | House |
| 8:53 | Build | House |
| 9:05 | Build | House |
| 9:18 | Build | House |
| 9:33 | Build | House |
| 9:38 | Create | Villager (Male) |
| 9:38 | Create | Villager (Male) |
| 10:15 | Create | Villager (Male) |
| 10:15 | Create | Villager (Male) |
| 10:29 | Create | Villager (Male) |
| 11:05 | Research | Feudal Age |
| 11:54 | Build | Barracks |
| 12:02 | Create | Villager (Male) |
| 12:46 | Create | Villager (Male) |
| 12:55 | Create | Villager (Male) |
| 13:03 | Build | House |
| 13:14 | Build | Palisade Wall |
| 13:15 | Build | Palisade Wall |
| 13:17 | Build | Palisade Wall |
| 13:20 | Create | Villager (Male) |
| 13:24 | Age | Feudal Age |
| 13:28 | Build | Stable |
| 13:37 | Research | Double-Bit Axe |
| 13:37 | Research | Double-Bit Axe |
| 13:40 | Create | Villager (Male) |
| 13:57 | Build | Palisade Wall |
| 13:58 | Build | Palisade Wall |
| 13:59 | Build | Palisade Wall |
| 14:16 | Build | House |
| 14:22 | Create | Scout Cavalry |
| 14:22 | Create | Scout Cavalry |
| 14:22 | Create | Scout Cavalry |
| 14:23 | Create | Scout Cavalry |
| 14:31 | Research | Horse Collar |
| 14:51 | Create | Villager (Male) |
| 15:18 | Create | Scout Cavalry |
| 15:36 | Create | Scout Cavalry |
| 15:36 | Create | Scout Cavalry |
| 15:49 | Build | Stable |
| 15:55 | Build | Stable |
| 16:00 | Create | Villager (Male) |
| 16:00 | Create | Villager (Male) |
| 16:15 | Create | Villager (Male) |
| 16:15 | Create | Villager (Male) |
| 16:25 | Build | Mining Camp |
| 16:28 | Create | Villager (Male) |
| 16:30 | Create | Scout Cavalry |
| 16:30 | Create | Scout Cavalry |
| 16:31 | Create | Villager (Male) |
| 16:47 | Create | Scout Cavalry |
| 16:48 | Create | Scout Cavalry |
| 17:21 | Build | Blacksmith |
| 17:46 | Create | Scout Cavalry |
| 17:47 | Create | Scout Cavalry |
| 17:54 | Create | Villager (Male) |
| 17:57 | Create | Villager (Male) |
| 18:09 | Build | Market |
| 18:12 | Build | Market |
| 18:14 | Build | House |
| 18:15 | Build | House |
| 18:25 | Build | House |
| 18:27 | Build | House |
| 19:23 | Create | Scout Cavalry |
| 19:23 | Create | Scout Cavalry |
| 19:27 | Create | Villager (Male) |
| 19:27 | Create | Villager (Male) |
| 19:41 | Build | Mill |
| 19:55 | Create | Scout Cavalry |
| 20:02 | Create | Scout Cavalry |
| 20:08 | Create | Villager (Male) |
| 20:52 | Build | Watch Tower |
| 21:05 | Research | Castle Age |
| 22:08 | Build | Stable |
| 22:12 | Build | House |
| 23:09 | Build | House |
| 23:15 | Build | House |
| 23:30 | Create | Villager (Male) |
| 23:30 | Create | Villager (Male) |
| 23:45 | Age | Castle Age |
| 23:47 | Create | Steppe Lancer ×5 |
| 23:48 | Create | Steppe Lancer ×5 |
| 23:48 | Create | Steppe Lancer ×5 |
| 24:09 | Build | Town Center |
| 24:21 | Create | Villager (Male) |
| 24:21 | Create | Villager (Male) |
| 24:32 | Create | Steppe Lancer |
| 24:33 | Create | Steppe Lancer |
| 25:18 | Create | Steppe Lancer |
| 25:18 | Create | Steppe Lancer |
| 25:30 | Build | Town Center |
| 25:38 | Build | Town Center |
| 25:40 | Create | Villager (Male) |
| 25:40 | Create | Villager (Male) |
| 26:01 | Create | Villager (Male) |
| 26:12 | Create | Steppe Lancer |
| 26:12 | Create | Steppe Lancer |
| 26:31 | Create | Villager (Male) |
| 26:31 | Create | Villager (Male) |
| 26:45 | Create | Villager (Male) |
| 26:45 | Create | Villager (Male) |
| 26:48 | Build | Farm |
| 26:48 | Build | Farm |
| 26:48 | Build | Farm |
| 26:48 | Build | Farm |
| 26:49 | Build | Farm |
| 26:49 | Build | Farm |
| 27:20 | Create | Steppe Lancer ×2 |
| 27:20 | Create | Steppe Lancer ×2 |
| 27:21 | Create | Steppe Lancer ×2 |
| 27:33 | Build | Farm |
| 27:33 | Build | Farm |
| 27:34 | Build | Farm |
| 27:34 | Build | Farm |
| 27:34 | Build | Farm |
| 27:34 | Build | Farm |
| 27:37 | Create | Villager (Male) |
| 27:38 | Create | Villager (Male) |
| 27:38 | Create | Villager (Male) |
| 27:50 | Create | Villager (Male) |
Build order — Citlali
First 150 of 577 actions detected
| 0:02 | Build | Town Center |
| 2:22 | Research | Loom |
| 2:23 | Research | Loom |
| 3:01 | Build | Mill |
| 3:12 | Create | Villager (Male) |
| 3:34 | Create | Villager (Male) |
| 3:58 | Create | Villager (Male) |
| 4:26 | Create | Villager (Male) |
| 4:26 | Create | Villager (Male) |
| 4:26 | Create | Villager (Male) |
| 5:03 | Create | Villager (Male) |
| 5:48 | Create | Villager (Male) |
| 5:49 | Create | Villager (Male) |
| 5:53 | Build | House |
| 5:58 | Create | Villager (Male) |
| 6:31 | Create | Villager (Male) |
| 6:31 | Create | Villager (Male) |
| 6:44 | Create | Villager (Male) |
| 7:22 | Create | Villager (Male) |
| 7:32 | Build | Lumber Camp |
| 7:55 | Create | Villager (Male) |
| 8:04 | Create | Villager (Male) |
| 8:08 | Build | Mill |
| 8:42 | Build | House |
| 9:06 | Create | Villager (Male) |
| 9:34 | Create | Villager (Male) |
| 9:35 | Create | Villager (Male) |
| 9:58 | Build | Mining Camp |
| 10:27 | Create | Villager (Male) |
| 10:30 | Research | Feudal Age |
| 10:34 | Build | House |
| 11:02 | Build | House |
| 11:39 | Build | Barracks |
| 11:46 | Build | House |
| 12:43 | Create | Villager (Male) |
| 12:43 | Create | Villager (Male) |
| 13:02 | Age | Feudal Age |
| 13:06 | Build | Archery Range |
| 13:15 | Build | Blacksmith |
| 14:04 | Research | Castle Age |
| 14:20 | Research | Double-Bit Axe |
| 14:21 | Research | Double-Bit Axe |
| 14:34 | Build | Mill |
| 14:54 | Research | Fletching |
| 14:54 | Research | Fletching |
| 15:07 | Research | Horse Collar |
| 15:42 | Build | House |
| 16:23 | Create | Villager (Male) |
| 16:23 | Create | Villager (Male) |
| 16:44 | Age | Castle Age |
| 16:44 | Research | Bow Saw |
| 16:45 | Research | Bow Saw |
| 16:47 | Create | Cavalry Archer |
| 16:47 | Create | Cavalry Archer |
| 16:51 | Build | Town Center |
| 17:02 | Research | Bodkin Arrow |
| 17:02 | Research | Bodkin Arrow |
| 17:11 | Build | House |
| 17:14 | Build | House |
| 17:16 | Build | House |
| 17:16 | Build | House |
| 17:19 | Create | Villager (Male) |
| 17:39 | Create | Cavalry Archer |
| 17:49 | Create | Villager (Male) |
| 17:59 | Build | Archery Range |
| 18:05 | Create | Cavalry Archer |
| 18:18 | Create | Villager (Male) |
| 18:32 | Create | Villager (Male) |
| 18:33 | Create | Villager (Male) |
| 18:55 | Create | Villager (Male) |
| 18:58 | Create | Cavalry Archer |
| 19:01 | Build | House |
| 19:03 | Build | House |
| 19:05 | Build | House |
| 19:07 | Create | Villager (Male) |
| 19:09 | Build | House |
| 19:10 | Build | House |
| 19:18 | Research | Wheelbarrow |
| 19:18 | Research | Wheelbarrow |
| 19:21 | Create | Cavalry Archer |
| 19:43 | Create | Villager (Male) |
| 19:49 | Create | Villager (Male) |
| 20:01 | Create | Cavalry Archer |
| 20:01 | Create | Cavalry Archer |
| 20:03 | Create | Villager (Male) |
| 20:07 | Build | House |
| 20:13 | Build | University |
| 20:21 | Create | Villager (Male) |
| 20:27 | Build | Town Center |
| 20:47 | Create | Villager (Male) |
| 20:52 | Create | Cavalry Archer |
| 20:52 | Create | Cavalry Archer |
| 20:54 | Create | Villager (Male) |
| 21:10 | Build | Farm |
| 21:10 | Build | Farm |
| 21:12 | Build | Farm |
| 21:34 | Create | Villager (Male) |
| 21:38 | Research | Town Watch |
| 21:38 | Research | Town Watch |
| 21:40 | Create | Cavalry Archer |
| 21:41 | Create | Cavalry Archer |
| 21:44 | Research | Gold Mining |
| 21:44 | Research | Gold Mining |
| 21:56 | Build | Mining Camp |
| 21:57 | Create | Villager (Male) |
| 21:59 | Create | Villager (Male) |
| 22:09 | Create | Villager (Male) |
| 22:19 | Create | Villager (Male) |
| 22:25 | Create | Villager (Male) |
| 22:50 | Create | Villager (Male) |
| 22:52 | Build | Farm |
| 22:54 | Build | Farm |
| 22:55 | Build | Farm |
| 22:57 | Create | Villager (Male) |
| 23:04 | Research | Ballistics |
| 23:04 | Research | Ballistics |
| 23:06 | Create | Villager (Male) |
| 23:08 | Build | Farm |
| 23:10 | Build | Farm |
| 23:16 | Create | Villager (Male) |
| 23:23 | Create | Villager (Male) |
| 23:25 | Build | Farm |
| 23:30 | Build | Mill |
| 23:41 | Create | Cavalry Archer |
| 23:42 | Create | Cavalry Archer |
| 23:43 | Create | Villager (Male) |
| 23:45 | Create | Villager (Male) |
| 24:21 | Create | Villager (Male) |
| 24:32 | Research | Padded Archer Armor |
| 24:33 | Create | Villager (Male) |
| 24:36 | Build | Farm |
| 24:36 | Build | Farm |
| 24:38 | Create | Villager (Male) |
| 24:40 | Build | Farm |
| 24:42 | Create | Villager (Male) |
| 24:54 | Create | Villager (Male) |
| 24:59 | Build | Farm |
| 25:01 | Create | Villager (Male) |
| 25:02 | Build | Farm |
| 25:07 | Build | Town Center |
| 25:28 | Create | Villager (Male) |
| 25:30 | Research | Hand Cart |
| 25:30 | Research | Hand Cart |
| 25:47 | Build | Archery Range |
| 25:51 | Build | Farm |
| 25:59 | Create | Villager (Male) |
| 26:02 | Build | Farm |
| 26:03 | Build | Farm |
| 26:04 | Build | Farm |
| 26:04 | Build | Farm |
Build order — edge2147
First 150 of 293 actions detected
| 0:45 | Build | Town Center |
| 3:14 | Create | Villager (Male) |
| 3:14 | Create | Villager (Male) |
| 3:14 | Create | Villager (Male) |
| 3:14 | Create | Villager (Male) |
| 3:17 | Build | House |
| 3:49 | Research | Loom |
| 3:53 | Build | House |
| 3:56 | Create | Villager (Male) |
| 3:56 | Create | Villager (Male) |
| 3:57 | Create | Villager (Male) |
| 4:35 | Create | Villager (Male) |
| 4:49 | Create | Villager (Male) |
| 4:50 | Create | Villager (Male) |
| 5:29 | Create | Villager (Male) |
| 5:41 | Create | Villager (Male) |
| 5:42 | Create | Villager (Male) |
| 6:03 | Create | Villager (Male) |
| 6:11 | Build | Lumber Camp |
| 6:40 | Create | Villager (Male) |
| 6:40 | Create | Villager (Male) |
| 6:41 | Create | Villager (Male) |
| 7:03 | Create | Villager (Male) |
| 7:38 | Create | Villager (Male) |
| 7:38 | Create | Villager (Male) |
| 7:39 | Create | Villager (Male) |
| 8:31 | Create | Villager (Male) |
| 8:48 | Create | Villager (Male) |
| 8:54 | Create | Villager (Male) |
| 8:54 | Create | Villager (Male) |
| 8:56 | Create | Villager (Male) |
| 8:56 | Create | Villager (Male) |
| 9:07 | Create | Villager (Male) |
| 9:20 | Build | Mill |
| 9:35 | Build | House |
| 10:26 | Create | Villager (Male) |
| 10:36 | Create | Villager (Male) |
| 10:56 | Create | Villager (Male) |
| 11:17 | Create | Villager (Male) |
| 11:25 | Build | House |
| 11:36 | Build | Mining Camp |
| 11:41 | Create | Villager (Male) |
| 11:48 | Build | House |
| 12:01 | Build | Palisade Wall |
| 12:04 | Create | Villager (Male) |
| 12:23 | Research | Feudal Age |
| 12:24 | Research | Feudal Age |
| 12:46 | Create | Villager (Male) |
| 13:09 | Build | House |
| 13:14 | Create | Villager (Male) |
| 13:21 | Build | Palisade Gate |
| 14:09 | Build | Mining Camp |
| 14:19 | Build | Palisade Wall |
| 14:20 | Build | Palisade Wall |
| 14:37 | Build | Palisade Wall |
| 14:57 | Age | Feudal Age |
| 15:29 | Build | Market |
| 15:37 | Create | Villager (Male) |
| 16:16 | Build | Blacksmith |
| 16:17 | Create | Villager (Male) |
| 16:46 | Create | Villager (Male) |
| 16:50 | Build | Mill |
| 17:09 | Research | Castle Age |
| 17:09 | Research | Castle Age |
| 17:40 | Build | House |
| 17:44 | Build | Palisade Wall |
| 18:31 | Create | Villager (Male) |
| 18:48 | Research | Stone Mining |
| 19:17 | Create | Villager (Male) |
| 19:49 | Age | Castle Age |
| 20:32 | Build | Outpost |
| 20:35 | Create | Villager (Male) |
| 21:02 | Create | Villager (Male) |
| 21:30 | Build | Castle |
| 21:48 | Create | Villager (Male) |
| 22:13 | Create | Conquistador |
| 22:13 | Create | Conquistador |
| 22:13 | Create | Conquistador |
| 22:14 | Create | Conquistador |
| 22:34 | Build | Mill |
| 22:38 | Create | Villager (Male) |
| 22:45 | Create | Conquistador |
| 22:45 | Create | Conquistador |
| 22:47 | Create | Villager (Male) |
| 23:09 | Build | Siege Workshop |
| 23:18 | Create | Conquistador |
| 23:18 | Create | Villager (Male) |
| 23:39 | Create | Conquistador |
| 24:18 | Create | Villager (Male) |
| 24:18 | Create | Villager (Male) |
| 24:35 | Build | Mill |
| 24:37 | Create | Villager (Male) |
| 24:37 | Create | Villager (Male) |
| 24:43 | Create | Mangonel |
| 24:53 | Research | Fletching |
| 25:19 | Build | Outpost |
| 25:29 | Create | Villager (Male) |
| 26:03 | Create | Villager (Male) |
| 26:14 | Create | Villager (Male) |
| 26:14 | Create | Villager (Male) |
| 26:30 | Create | Mangonel |
| 26:30 | Create | Villager (Male) |
| 26:34 | Create | Conquistador |
| 26:34 | Create | Conquistador |
| 26:35 | Create | Conquistador |
| 26:52 | Create | Conquistador |
| 26:52 | Create | Conquistador |
| 26:52 | Create | Conquistador |
| 27:18 | Create | Villager (Male) |
| 27:36 | Build | Farm |
| 27:36 | Build | Farm |
| 27:37 | Build | Farm |
| 27:37 | Build | Farm |
| 27:37 | Build | Farm |
| 27:37 | Build | Farm |
| 27:38 | Build | Farm |
| 27:53 | Create | Villager (Male) |
| 28:02 | Create | Villager (Male) |
| 28:02 | Create | Villager (Male) |
| 28:05 | Build | Farm |
| 28:05 | Build | Farm |
| 28:05 | Build | Farm |
| 28:05 | Build | Farm |
| 28:16 | Create | Villager (Male) |
| 28:20 | Create | Scorpion |
| 28:56 | Create | Villager (Male) |
| 28:56 | Create | Villager (Male) |
| 28:56 | Create | Villager (Male) |
| 29:08 | Build | Castle |
| 29:21 | Create | Villager (Male) |
| 29:57 | Build | Mining Camp |
| 29:59 | Create | Villager (Male) |
| 30:26 | Create | Conquistador |
| 30:26 | Create | Conquistador |
| 30:27 | Create | Conquistador |
| 30:27 | Create | Conquistador |
| 30:28 | Create | Villager (Male) |
| 31:04 | Create | Villager (Male) |
| 31:12 | Create | Villager (Male) |
| 31:33 | Create | Villager (Male) |
| 31:48 | Create | Mangonel |
| 31:54 | Create | Villager (Male) |
| 32:04 | Build | Mill |
| 32:18 | Create | Conquistador |
| 32:18 | Create | Conquistador |
| 32:19 | Create | Conquistador |
| 32:24 | Create | Villager (Male) |
| 32:40 | Create | Villager (Male) |
| 33:21 | Research | Bodkin Arrow |
| 33:21 | Research | Bodkin Arrow |
Build order — 梅子青转紫
103 actions detected in the replay
| 0:16 | Build | Town Center |
| 2:38 | Create | Villager (Male) |
| 2:38 | Create | Villager (Male) |
| 2:38 | Create | Villager (Male) |
| 2:38 | Create | Villager (Male) |
| 3:21 | Build | Lumber Camp |
| 3:30 | Create | Villager (Male) |
| 3:30 | Create | Villager (Male) |
| 4:15 | Create | Villager (Male) |
| 4:15 | Create | Villager (Male) |
| 4:52 | Create | Villager (Male) |
| 4:53 | Create | Villager (Male) |
| 5:31 | Create | Villager (Male) |
| 5:31 | Create | Villager (Male) |
| 5:31 | Create | Villager (Male) |
| 6:14 | Create | Villager (Male) |
| 6:15 | Create | Villager (Male) |
| 6:15 | Create | Villager (Male) |
| 6:41 | Create | Villager (Male) |
| 7:30 | Build | Mill |
| 7:41 | Create | Villager (Male) |
| 8:03 | Create | Villager (Male) |
| 8:19 | Create | Villager (Male) |
| 8:41 | Create | Villager (Male) |
| 9:11 | Research | Loom |
| 9:30 | Build | Barracks |
| 9:44 | Build | Palisade Wall |
| 9:49 | Build | Palisade Wall |
| 9:51 | Build | Palisade Wall |
| 9:53 | Build | Palisade Wall |
| 9:58 | Research | Feudal Age |
| 9:58 | Research | Feudal Age |
| 11:26 | Create | Villager (Male) |
| 11:26 | Create | Villager (Male) |
| 12:18 | Age | Feudal Age |
| 12:21 | Build | Stable |
| 12:24 | Research | Double-Bit Axe |
| 12:59 | Create | Villager (Male) |
| 13:02 | Research | Horse Collar |
| 13:08 | Build | Stable |
| 13:11 | Create | Scout Cavalry |
| 13:11 | Create | Scout Cavalry |
| 13:30 | Create | Villager (Male) |
| 13:38 | Create | Scout Cavalry |
| 13:47 | Create | Scout Cavalry |
| 14:02 | Build | Watch Tower |
| 14:04 | Create | Scout Cavalry |
| 14:08 | Create | Scout Cavalry |
| 14:17 | Create | Scout Cavalry |
| 14:29 | Create | Scout Cavalry |
| 14:30 | Create | Villager (Male) |
| 14:35 | Create | Villager (Male) |
| 14:39 | Create | Scout Cavalry |
| 15:14 | Create | Villager (Male) |
| 15:23 | Create | Scout Cavalry |
| 15:28 | Create | Villager (Male) |
| 15:34 | Create | Villager (Male) |
| 15:36 | Build | Farm |
| 15:37 | Build | Farm |
| 15:38 | Build | Farm |
| 16:01 | Create | Villager (Male) |
| 16:04 | Build | Blacksmith |
| 16:15 | Build | Farm |
| 16:16 | Build | Farm |
| 16:17 | Build | Farm |
| 16:35 | Create | Villager (Male) |
| 17:10 | Create | Villager (Male) |
| 17:12 | Build | Farm |
| 17:13 | Build | Farm |
| 17:15 | Create | Scout Cavalry |
| 17:24 | Build | Farm |
| 17:25 | Research | Horse Collar |
| 17:26 | Create | Villager (Male) |
| 17:35 | Create | Scout Cavalry |
| 18:00 | Create | Villager (Male) |
| 18:02 | Build | Farm |
| 18:11 | Build | Mining Camp |
| 18:20 | Build | Mining Camp |
| 18:22 | Create | Scout Cavalry |
| 18:32 | Create | Villager (Male) |
| 18:33 | Create | Villager (Male) |
| 18:50 | Create | Scout Cavalry |
| 19:14 | Create | Villager (Male) |
| 19:23 | Create | Villager (Male) |
| 19:26 | Build | Farm |
| 19:27 | Build | Farm |
| 19:27 | Build | Farm |
| 19:53 | Create | Scout Cavalry |
| 20:26 | Create | Scout Cavalry |
| 20:36 | Create | Spearman |
| 20:36 | Create | Spearman |
| 21:53 | Create | Villager (Male) |
| 21:53 | Create | Villager (Male) |
| 22:00 | Build | Watch Tower |
| 22:53 | Create | Villager (Male) |
| 22:57 | Build | Market |
| 23:12 | Create | Villager (Male) |
| 23:34 | Create | Villager (Male) |
| 23:37 | Build | Farm |
| 23:38 | Build | Farm |
| 23:46 | Build | Palisade Wall |
| 23:56 | Research | Fletching |
| 23:56 | Research | Fletching |
Build order — arthur
First 150 of 369 actions detected
| 0:07 | Build | Town Center |
| 2:25 | Build | House |
| 2:44 | Create | Villager (Male) |
| 2:44 | Create | Villager (Male) |
| 2:44 | Create | Villager (Male) |
| 2:45 | Create | Villager (Male) |
| 2:45 | Create | Villager (Male) |
| 4:04 | Create | Villager (Male) |
| 4:04 | Create | Villager (Male) |
| 4:10 | Build | House |
| 4:36 | Create | Villager (Male) |
| 4:36 | Create | Villager (Male) |
| 4:56 | Create | Villager (Male) |
| 4:56 | Create | Villager (Male) |
| 5:09 | Create | Villager (Male) |
| 5:09 | Create | Villager (Male) |
| 5:16 | Build | Lumber Camp |
| 5:40 | Create | Villager (Male) |
| 5:41 | Create | Villager (Male) |
| 6:05 | Create | Villager (Male) |
| 6:28 | Create | Villager (Male) |
| 6:39 | Build | House |
| 6:40 | Build | House |
| 6:48 | Create | Villager (Male) |
| 7:16 | Create | Villager (Male) |
| 7:38 | Create | Villager (Male) |
| 8:13 | Create | Villager (Male) |
| 8:15 | Create | Villager (Male) |
| 8:42 | Build | Mill |
| 9:01 | Create | Villager (Male) |
| 9:08 | Research | Loom |
| 9:35 | Create | Villager (Male) |
| 9:58 | Build | Mining Camp |
| 10:20 | Research | Feudal Age |
| 11:42 | Build | House |
| 11:44 | Build | House |
| 12:17 | Build | Barracks |
| 12:33 | Create | Villager (Male) |
| 12:33 | Create | Villager (Male) |
| 12:49 | Age | Feudal Age |
| 12:58 | Research | Double-Bit Axe |
| 13:05 | Create | Villager (Male) |
| 13:46 | Build | Archery Range |
| 13:49 | Create | Villager (Male) |
| 14:11 | Build | Mill |
| 14:16 | Create | Villager (Male) |
| 14:27 | Build | Palisade Wall |
| 14:34 | Create | Villager (Male) |
| 14:38 | Build | House |
| 14:39 | Create | Archer |
| 14:39 | Create | Archer |
| 14:59 | Create | Villager (Male) |
| 15:02 | Create | Archer |
| 15:14 | Build | Farm |
| 15:23 | Build | Farm |
| 15:26 | Create | Villager (Male) |
| 15:53 | Build | Blacksmith |
| 15:58 | Create | Villager (Male) |
| 16:35 | Research | Castle Age |
| 16:35 | Research | Castle Age |
| 16:38 | Create | Archer |
| 16:38 | Create | Archer |
| 16:41 | Build | Farm |
| 16:51 | Create | Archer |
| 17:20 | Build | Mill |
| 17:25 | Research | Fletching |
| 17:26 | Create | Archer |
| 17:26 | Create | Archer |
| 17:39 | Build | Palisade Wall |
| 17:47 | Create | Archer |
| 18:16 | Build | Palisade Wall |
| 18:24 | Research | Padded Archer Armor |
| 18:30 | Build | House |
| 18:32 | Build | House |
| 18:35 | Create | Villager (Male) |
| 18:36 | Create | Villager (Male) |
| 18:37 | Create | Archer |
| 19:15 | Age | Castle Age |
| 19:17 | Create | Villager (Male) |
| 19:26 | Build | University |
| 19:30 | Research | Crossbowman (upgrade) |
| 19:44 | Create | Archer |
| 19:45 | Create | Villager (Male) |
| 20:07 | Create | Archer |
| 20:10 | Create | Villager (Male) |
| 20:20 | Build | House |
| 20:28 | Create | Archer |
| 20:36 | Research | Ballistics |
| 20:39 | Build | House |
| 20:40 | Create | Archer |
| 20:44 | Create | Villager (Male) |
| 20:58 | Build | Palisade Wall |
| 21:01 | Build | Farm |
| 21:03 | Create | Villager (Male) |
| 21:17 | Create | Archer |
| 21:24 | Research | Bodkin Arrow |
| 21:40 | Create | Villager (Male) |
| 21:48 | Build | Town Center |
| 21:53 | Create | Archer |
| 21:56 | Build | House |
| 22:03 | Build | Farm |
| 22:07 | Create | Archer |
| 22:30 | Build | House |
| 22:36 | Create | Archer |
| 22:37 | Create | Archer |
| 22:39 | Create | Villager (Male) |
| 22:40 | Create | Villager (Male) |
| 22:43 | Build | Farm |
| 23:10 | Create | Archer |
| 23:10 | Create | Archer |
| 23:57 | Create | Villager (Male) |
| 23:58 | Create | Villager (Male) |
| 23:58 | Create | Villager (Male) |
| 23:58 | Create | Villager (Male) |
| 24:29 | Build | Farm |
| 24:34 | Create | Villager (Male) |
| 24:35 | Create | Villager (Male) |
| 24:45 | Create | Villager (Male) |
| 24:45 | Create | Villager (Male) |
| 24:47 | Create | Archer |
| 24:48 | Create | Archer |
| 25:04 | Create | Archer |
| 25:17 | Build | Lumber Camp |
| 25:19 | Build | Farm |
| 25:32 | Create | Archer |
| 25:32 | Create | Archer |
| 25:39 | Create | Villager (Male) |
| 25:40 | Create | Villager (Male) |
| 25:40 | Create | Villager (Male) |
| 25:40 | Create | Villager (Male) |
| 25:41 | Create | Villager (Male) |
| 25:44 | Build | Farm |
| 25:45 | Build | Farm |
| 26:14 | Create | Villager (Male) |
| 26:14 | Create | Villager (Male) |
| 26:14 | Create | Villager (Male) |
| 26:22 | Build | Farm |
| 26:23 | Build | Farm |
| 26:35 | Create | Villager (Male) |
| 26:35 | Create | Villager (Male) |
| 26:35 | Create | Villager (Male) |
| 26:36 | Create | Villager (Male) |
| 26:36 | Create | Villager (Male) |
| 26:44 | Create | Archer |
| 26:45 | Create | Archer |
| 26:45 | Create | Archer |
| 26:49 | Build | Farm |
| 27:06 | Build | House |
| 27:07 | Build | House |
| 27:15 | Create | Villager (Male) |
Match timeline
| 9:03 | anadoludr · wall_segment Palisade Wall x1 |
| 9:30 | 梅子青转紫 · first_building Barracks |
| 9:44 | 梅子青转紫 · wall_segment Palisade Wall x2 |
| 9:49 | 梅子青转紫 · wall_segment Palisade Wall x1 |
| 9:51 | 梅子青转紫 · wall_segment Palisade Wall x1 |
| 9:53 | 梅子青转紫 · wall_segment Palisade Wall x8 |
| 10:28 | 中家不出兵直接点 · wall_segment Palisade Wall x1 |
| 10:28 | 中家不出兵直接点 · wall_segment Palisade Wall x1 |
| 11:39 | Citlali · first_building Barracks |
| 11:54 | 中家不出兵直接点 · wall_segment Palisade Wall x12 |
| 11:54 | Ulu_get · first_building Barracks |
| 12:01 | edge2147 · wall_segment Palisade Wall x3 |
| 12:17 | anadoludr · first_building Barracks |
| 12:17 | arthur · first_building Barracks |
| 12:18 | 梅子青转紫 · age_up feudal |
| 12:21 | 梅子青转紫 · first_building Stable |
| 12:48 | 中家不出兵直接点 · age_up feudal |
| 12:49 | arthur · age_up feudal |
| 13:02 | Citlali · age_up feudal |
| 13:06 | Citlali · first_building Archery Range |
| 13:14 | Ulu_get · wall_segment Palisade Wall x1 |
| 13:15 | Ulu_get · wall_segment Palisade Wall x1 |
| 13:17 | Ulu_get · wall_segment Palisade Wall x5 |
| 13:21 | Bakamaka · first_building Barracks |
| 13:24 | Ulu_get · age_up feudal |
| 13:24 | Bakamaka · wall_segment Palisade Wall x3 |
| 13:25 | Bakamaka · wall_segment Palisade Wall x1 |
| 13:28 | Ulu_get · first_building Stable |
| 13:35 | Bakamaka · wall_segment Palisade Wall x15 |
| 13:40 | anadoludr · age_up feudal |
| 13:46 | arthur · first_building Archery Range |
| 13:57 | Ulu_get · wall_segment Palisade Wall x1 |
| 13:58 | Ulu_get · wall_segment Palisade Wall x1 |
| 13:59 | Ulu_get · wall_segment Palisade Wall x1 |
| 14:19 | edge2147 · wall_segment Palisade Wall x2 |
| 14:20 | edge2147 · wall_segment Palisade Wall x1 |
| 14:27 | arthur · wall_segment Palisade Wall x12 |
| 14:29 | Bakamaka · age_up feudal |
| 14:31 | Bakamaka · wall_segment Palisade Wall x10 |
| 14:37 | edge2147 · wall_segment Palisade Wall x7 |
| 14:45 | Bakamaka · first_building Archery Range |
| 14:57 | edge2147 · age_up feudal |
| 14:59 | Bakamaka · wall_segment Palisade Wall x1 |
| 15:00 | Bakamaka · wall_segment Palisade Wall x1 |
| 15:01 | Bakamaka · wall_segment Palisade Wall x1 |
| 15:04 | Bakamaka · wall_segment Palisade Wall x1 |
| 15:11 | Bakamaka · wall_segment Palisade Wall x4 |
| 16:12 | edge2147 · first_market_buy 100 wood |
| 16:44 | Citlali · age_up castle |
| 17:13 | Bakamaka · wall_segment Palisade Wall x1 |
| 17:30 | anadoludr · first_market_sell 100 food |
| 17:39 | arthur · wall_segment Palisade Wall x6 |
| 17:44 | edge2147 · wall_segment Palisade Wall x9 |
| 17:47 | Bakamaka · wall_segment Palisade Wall x1 |
| 18:07 | Bakamaka · first_building Stable |
| 18:16 | arthur · wall_segment Palisade Wall x13 |
| 18:25 | 中家不出兵直接点 · age_up castle |
| 18:32 | 中家不出兵直接点 · first_building Castle |
| 18:54 | Bakamaka · age_up castle |
| 19:15 | arthur · age_up castle |
| 19:49 | edge2147 · age_up castle |
| 20:58 | arthur · wall_segment Palisade Wall x6 |
| 21:30 | edge2147 · first_building Castle |
| 22:06 | 中家不出兵直接点 · resign |
| 23:09 | edge2147 · first_building Siege Workshop |
| 23:37 | Ulu_get · first_market_sell 100 wood |
| 23:45 | Ulu_get · age_up castle |
| 23:46 | 梅子青转紫 · wall_segment Palisade Wall x1 |
| 23:58 | Ulu_get · first_market_buy 100 stone |
| 24:25 | 梅子青转紫 · first_market_buy 100 food |
| 26:49 | Citlali · first_building Stable |
| 26:55 | anadoludr · first_market_buy 100 food |
| 29:55 | anadoludr · first_building Stable |
| 30:18 | edge2147 · first_market_sell 100 wood |
| 30:22 | Bakamaka · wall_segment Stone Wall x1 |
| 30:24 | Bakamaka · wall_segment Stone Wall x1 |
| 30:25 | Bakamaka · wall_segment Stone Wall x1 |
| 30:26 | Bakamaka · wall_segment Stone Wall x1 |
| 30:34 | arthur · first_building Siege Workshop |
| 30:36 | anadoludr · age_up castle |
| 30:44 | Citlali · first_building Monastery |
| 31:18 | Citlali · first_market_buy 100 stone |
| 31:22 | Citlali · first_building Castle |
| 32:45 | arthur · first_building Monastery |
| 32:45 | anadoludr · first_building Siege Workshop |
| 32:59 | arthur · first_market_sell 100 food |
| 34:25 | Citlali · age_up imperial |
| 35:24 | Citlali · first_market_sell 100 wood |
| 35:45 | Bakamaka · first_market_buy 100 stone |
| 36:08 | Bakamaka · wall_segment Stone Wall x1 |
| 36:11 | Bakamaka · wall_segment Stone Wall x2 |
| 36:15 | Bakamaka · wall_segment Stone Wall x1 |
| 36:17 | Bakamaka · wall_segment Stone Wall x1 |
| 36:24 | arthur · age_up imperial |
| 38:24 | Citlali · tribute_sent a jugador 1 |
| 38:24 | Citlali · tribute_sent a jugador 2 |
| 38:24 | Citlali · tribute_sent a jugador 3 |
| 38:24 | Citlali · tribute_sent a jugador 4 |
| 38:24 | Citlali · tribute_sent a jugador 6 |
| 38:24 | Citlali · tribute_sent a jugador 7 |
| 38:24 | Citlali · tribute_sent a jugador 8 |
| 39:31 | Citlali · tribute_sent a jugador 1 |
| 39:31 | Citlali · tribute_sent a jugador 2 |
| 39:31 | Citlali · tribute_sent a jugador 3 |
| 39:31 | Citlali · tribute_sent a jugador 4 |
| 39:31 | Citlali · tribute_sent a jugador 6 |
| 39:31 | Citlali · tribute_sent a jugador 7 |
| 39:31 | Citlali · tribute_sent a jugador 8 |
| 39:43 | Bakamaka · first_building Castle |
| 39:47 | arthur · first_market_buy 100 wood |
| 40:41 | Bakamaka · first_building Siege Workshop |
| 41:50 | Citlali · tribute_sent a jugador 1 |
| 41:50 | Citlali · tribute_sent a jugador 2 |
| 41:50 | Citlali · tribute_sent a jugador 3 |
| 41:50 | Citlali · tribute_sent a jugador 4 |
| 41:50 | Citlali · tribute_sent a jugador 6 |
| 41:50 | Citlali · tribute_sent a jugador 7 |
| 41:50 | Citlali · tribute_sent a jugador 8 |
| 41:56 | Ulu_get · first_building Castle |
| 43:30 | edge2147 · wall_segment Palisade Wall x1 |
| 44:38 | Citlali · tribute_sent a jugador 1 |
| 44:38 | Citlali · tribute_sent a jugador 2 |
| 44:38 | Citlali · tribute_sent a jugador 3 |
| 44:38 | Citlali · tribute_sent a jugador 4 |
| 44:38 | Citlali · tribute_sent a jugador 6 |
| 44:38 | Citlali · tribute_sent a jugador 7 |
| 44:38 | Citlali · tribute_sent a jugador 8 |
| 44:55 | Bakamaka · first_building Monastery |
| 45:45 | Citlali · tribute_sent a jugador 1 |
| 45:45 | Citlali · tribute_sent a jugador 2 |
| 45:45 | Citlali · tribute_sent a jugador 3 |
| 45:45 | Citlali · tribute_sent a jugador 4 |
| 45:45 | Citlali · tribute_sent a jugador 6 |
| 45:45 | Citlali · tribute_sent a jugador 7 |
| 45:45 | Citlali · tribute_sent a jugador 8 |
| 49:11 | Bakamaka · age_up imperial |
| 50:31 | Citlali · tribute_sent a jugador 1 |
| 50:31 | Citlali · tribute_sent a jugador 2 |
| 50:31 | Citlali · tribute_sent a jugador 3 |
| 50:31 | Citlali · tribute_sent a jugador 4 |
| 50:31 | Citlali · tribute_sent a jugador 6 |
| 50:31 | Citlali · tribute_sent a jugador 7 |
| 50:31 | Citlali · tribute_sent a jugador 8 |
| 51:20 | arthur · first_building Castle |
| 52:23 | edge2147 · wall_segment Palisade Wall x1 |
| 52:26 | edge2147 · wall_segment Palisade Wall x1 |
| 52:28 | Citlali · tribute_sent a jugador 1 |
| 52:28 | Citlali · tribute_sent a jugador 2 |
| 52:28 | Citlali · tribute_sent a jugador 3 |
| 52:28 | Citlali · tribute_sent a jugador 4 |
| 52:28 | Citlali · tribute_sent a jugador 6 |
| 52:28 | Citlali · tribute_sent a jugador 7 |
| 52:28 | Citlali · tribute_sent a jugador 8 |
| 53:43 | Bakamaka · first_market_sell 100 stone |
| 54:20 | Ulu_get · tribute_sent a jugador 1 |
| 54:20 | Ulu_get · tribute_sent a jugador 2 |
| 54:20 | Ulu_get · tribute_sent a jugador 3 |
| 54:20 | Ulu_get · tribute_sent a jugador 5 |
| 54:20 | Ulu_get · tribute_sent a jugador 6 |
| 54:20 | Ulu_get · tribute_sent a jugador 7 |
| 54:20 | Ulu_get · tribute_sent a jugador 8 |
| 54:58 | anadoludr · age_up imperial |
| 58:21 | arthur · tribute_sent a jugador 1 |
| 58:21 | arthur · tribute_sent a jugador 2 |
| 58:21 | arthur · tribute_sent a jugador 3 |
| 58:21 | arthur · tribute_sent a jugador 4 |
| 58:21 | arthur · tribute_sent a jugador 5 |
| 58:21 | arthur · tribute_sent a jugador 6 |
| 58:21 | arthur · tribute_sent a jugador 7 |
[ AI ANALYSIS · 1 CREDIT ]
What really happened in this match?
Wolo.gg analyzes every decision: build order, eco, micro, common mistakes by bracket. Personalized analysis on WhatsApp or Discord in 30 seconds.
Civ guide
Japanese
Perfil
Jugador #18521766